 Dungeon Crawl Stone Soup version 0.31.0-32-g396128a36d (webtiles) character file.

Game seed: 9002794940761833799

38 monsoonserge the Changeling (level 3, -3/24 HPs)
             Began as an Octopode Shapeshifter on Apr 11, 2024.
             Slain by a gnoll
             ... wielding a +0 club
              (6 damage)
             ... on level 2 of the Dungeon.
             The game lasted 00:01:45 (790 turns).

monsoonserge the Changeling (Octopode Shapeshifter)  Turns: 790, Time: 00:01:46

Health: -3/24      AC:  1    Str: 15    XL:     3   Next: 43%
Magic:  3/3        EV: 13    Int: 12    God:
Gold:   62         SH:  0    Dex: 11    Spells: 2/2 levels left

rFire   . .          .
                       - Unarmed
rCold   . . .        (no shield)
rNeg    . . .        (helmet currently unavailable)
rPois   .            (no amulet)
rElec   .            (no ring)
rCorr   .            (no ring)
SInv    .            (no ring)
Will    .....        (no ring)
Stlth   ++           (no ring)
HPRegen 0.24/turn    (no ring)
MPRegen 0.08/turn    (no ring)
                     (no ring)

%: no passive effects
@: beast-form
A: beast (slay +1), almost no armour, amphibious, 8 rings, camouflage 1,
gelatinous body 1, (nimble swimmer 1), tentacles
a: Begin Untransformation


You were on level 2 of the Dungeon.
You were a hulking beast.
You visited 1 branch of the dungeon, and saw 2 of its levels.

You collected 62 gold pieces.

Inventory:

Talismans
 b - a beast talisman
 c - a flux talisman
Scrolls
 d - 2 scrolls of revelation {unknown}
 f - a scroll of poison {unknown}
 g - a scroll of fog {unknown}
 i - a scroll of amnesia {unknown}
 j - a scroll of vulnerability {unknown}
Potions
 a - a potion of lignification
 e - a potion of enlightenment {unknown}
 h - a potion of degeneration {unknown}
 k - a potion of curing {unknown}


   Skills:
 - Level 2.0 Fighting
 - Level 2.0 Dodging
 - Level 1.0 Stealth
 + Level 3.3 Unarmed Combat
 * Level 3.4 Shapeshifting


You had 2 spell levels left.
You didn't know any spells.
Your spell library contained the following spells:

 Spells                   Type           Power      Damage    Failure   Level
 Sandblast                Erth           0%         2d4       32%         1
 Slow                     Hex            0%         N/A       32%         1
 Confusing Touch          Hex            0%         N/A       69%         3
 Sigil of Binding         Hex            0%         N/A       69%         3
 Vampiric Draining        Necr           0%         2d6       69%         3
 Petrify                  Alch/Erth      0%         N/A       97%         4
 Malign Gateway           Summ/Tloc      0%         N/A       100%        7


Dungeon Overview and Level Annotations

Branches:
Dungeon (2/15)

Altars:


Innate Abilities, Weirdness & Mutations

You are a hulking beast.
Your limbs bulge with bestial killing power. (Slay +1)
You cannot wear most types of armour.
You are amphibious.
You can wear up to eight rings at the same time.
Your skin changes colour to match your surroundings (Stealth+).
Your rubbery body absorbs attacks. (AC +1, EV +1)
((You are camouflaged when in or above water. (Stealth+)))
You have tentacles for arms and can constrict up to eight enemies at once.


Message History

The gnoll is lightly wounded.
You constrict the gnoll, but do no damage.
The gnoll hits you with a +0 flail!
Ouch! That really hurt!
You tentacle-slap the gnoll.
The gnoll is heavily wounded.
You constrict the gnoll. You tentacle-slap the gnoll.
You kill the gnoll!
The gnoll throws a throwing net.
The throwing net hits you.
You become entangled in the net!
You have reached level 3!
Your experience leads to an increase in your attributes!
Increase (S)trength, (I)ntelligence, or (D)exterity?
You feel stronger. x2
You tear a large gash into the net.
You struggle against the net.
The gnoll barely misses you.
You rip the net and break free!
The gnoll hits you with a +0 club.
You closely miss the gnoll. You grab the gnoll. You squeeze the gnoll.
The gnoll is lightly wounded.
You constrict the gnoll. The gnoll barely misses you.
You tentacle-slap the gnoll.
The gnoll is moderately wounded.
You constrict the gnoll. The gnoll hits you with a +0 club.
* * * LOW HITPOINT WARNING * * *
Unknown command.
You tentacle-slap the gnoll.
The gnoll is severely wounded.
You constrict the gnoll, but do no damage.
The gnoll hits you with a +0 club.
* * * LOW HITPOINT WARNING * * *
Unknown command.
You tentacle-slap the gnoll but do no damage.
You squeeze the gnoll.
You kill the gnoll!
Training target 2.0 for Fighting reached!
Your Fighting skill increases to level 2!
You closely miss the gnoll. You grab the gnoll. Your squeeze misses the gnoll.
You constrict the gnoll. The gnoll hits you with a +0 club.
You die...

##### ###### #...# #.....#
#...# ##....... #...##
#........ #.... .........
#####...# #........
........### #........
####.#.....#######........
#......)<.†.....hg........#
..##.#...#...#####.........
#..........)............######
#...........##..........<.....
#...........###.........######
#...........# #.....$...
#..........## ##.......#
#.#.......## #.>...#
#.####.#... ####.


You could see a gnoll.

Vanquished Creatures
  2 gnolls (D:2)
  2 bats (D:1)
  An endoplasm (D:1)
  3 goblins (D:1)
  3 hobgoblins (D:1)
  2 jackals (D:2)
  A ball python (D:1)
  A frilled lizard (D:1)
  A kobold (D:2)
  2 rats (D:1)
18 creatures vanquished.

Notes
Turn   | Place    | Note
-------+----------+-------------------------------------------
     0 | D:1      | monsoonserge the Octopode Shapeshifter began the quest for
                  | the Orb.
     0 | D:1      | Reached XP level 1. HP: 13/13 MP: 1/1
   169 | D:1      | Reached skill level 1 in Stealth
   169 | D:1      | Reached XP level 2. HP: 18/18 MP: 2/2
   777 | D:2      | Got the Reference Book on Silt and the Commander
   783 | D:2      | Reached XP level 3. HP: 13/24 MP: 3/3
   790 | D:2      | Slain by a gnoll

Illustrated notes

Levels and vault maps discovered:
D:1:      giann_wishing_wells, layout_loops_cross
D:2:      layout_rooms, basic_altar, chequers_ecumenical_altar_simple,
          minmay_pentomino_o2, uniq_sigmund, uniq_terence

Skill      XL: |  1  2  3 |
---------------+----------+-----
Stealth        | 1 |  1.0
Fighting       | 2 |  2.0
Dodging        | |  2.0
Unarmed Combat | |  3.3
Shapeshifting  | |  3.4

Action                     || total
---------------------------++-------
  Melee: Unarmed           ||    25
         Constrict         ||     6
         Tentacles         ||     7
         Punch             ||     1
   Stab: Sleeping          ||     5
 Armour: Skin              ||    11
  Dodge: Dodged            ||    14
